 Dungeon Crawl Stone Soup version 0.30-a0-743-gbfdf073431 (webtiles) character file.

Game seed: 12208232968507077363

100 mandoloar the Insei (level 4, -1/29 HPs)
             Began as an Octopode Transmuter on Feb 8, 2023.
             Splashed by a jelly's acid (2 damage)
             ... on level 3 of the Dungeon.
             The game lasted 00:06:52 (1891 turns).

mandoloar the Insei (Octopode Transmuter)           Turns: 1891, Time: 00:06:52

Health: -1/29      AC:  5    Str:  9    XL:     4   Next: 74%
Magic:  7/7        EV: 13    Int: 17    God:
Gold:   30         SH:  0    Dex: 12    Spells: 5/8 levels left

rFire   . . .      SeeInvis .      - Unarmed
rCold   . . .      Faith    .    (no shield)
rNeg    . . .      Spirit   .    (helmet currently unavailable)
rPois   .          Reflect  .    (no amulet)
rElec   .          Harm     .    d - ring of willpower
rCorr   .          Rampage  .    j - +4 ring of protection
Will    +....                    (no ring)
Stlth   +++                      (no ring)
HPRegen 0.24/turn                (no ring)
MPRegen 0.10/turn                (no ring)
                                 (no ring)
                                 (no ring)

@: lethally poisoned (-1 -> -2), appendages (expiring)
A: tentacle spike 3, almost no armour, amphibious, 8 rings, camouflage 1,
gelatinous body 1, (nimble swimmer 1), tentacles
a: End Transformation


You were on level 3 of the Dungeon.
One of your tentacles had grown a beastly spike.
You visited 1 branch of the dungeon, and saw 3 of its levels.

You collected 30 gold pieces.

Inventory:

Missiles
 f - 39 stones (quivered)
Jewellery
 d - a ring of willpower (left tentacle)
 j - a +4 ring of protection (right tentacle)
Potions
 a - a potion of lignification
 b - a potion of magic
 c - a potion of cancellation
 g - a potion of attraction {unknown}
 i - a potion of curing {unknown}
 l - a potion of heal wounds {unknown}


   Skills:
 + Level 2.0 Fighting
 + Level 2.7 Dodging
 + Level 2.1 Stealth
 + Level 3.5 Unarmed Combat
 + Level 2.6 Spellcasting
 + Level 2.3 Transmutations


You had 5 spell levels left.
You knew the following spells:

 Your Spells              Type           Power      Damage    Failure   Level
a - Beastly Appendage     Tmut           20%        N/A       7%          1
b - Wereblood             Tmut           10%        N/A       11%         2

Your spell library contained the following spells:

 Spells                   Type           Power      Damage    Failure   Level
 Spider Form              Tmut/Pois      6%         N/A       34%         3
 Portal Projectile        Hex/Tloc       4%         N/A       50%         3
 Tukima's Dance           Hex            2%         N/A       50%         3
 Ice Form                 Ice/Tmut       6%         N/A       75%         4
 Blade Hands              Tmut           5%         N/A       89%         5
 Freezing Cloud           Conj/Ice/Air   1%         6-21      99%         5
 Simulacrum               Ice/Necr       1%         N/A       100%        6
 Polar Vortex             Ice            1%         N/A       100%        9


Dungeon Overview and Level Annotations

Branches:
Dungeon (3/15)

Altars:


Innate Abilities, Weirdness & Mutations

One of your tentacles has grown a beastly spike.
You cannot wear most types of armour.
You are amphibious.
You can wear up to eight rings at the same time.
Your skin changes colour to match your surroundings (Stealth+).
Your rubbery body absorbs attacks. (AC +1, EV +1)
((You are camouflaged when in or above water. (Stealth+)))
You have tentacles for arms and can constrict up to eight enemies at once.


Message History

You tentacle-slap the quokka but do no damage.
You grab the quokka.
You pierce the quokka.
The quokka is heavily wounded.
You constrict the quokka. The quokka completely misses you.
You tentacle-slap the quokka.
The quokka is almost dead.
You constrict the quokka, but do no damage.
The quokka bites you but does no damage.
You tentacle-slap the quokka.
You kill the quokka!
The kobold throws a poisoned dart.
The poisoned dart hits you!
You are poisoned.
You feel sick. The kobold misses you.
Things that are here:
2 potions of degeneration; a quokka corpse You closely miss the kobold.
Your grab misses the kobold.
Your tentacle spike misses the kobold.
Your squeeze misses the kobold.
You feel sick. The kobold hits you with a +0 club.
You tentacle-slap the kobold but do no damage.
You grab the kobold. You squeeze the kobold.
You kill the kobold!
You feel sick.
You tentacle-slap the jelly.
Your tentacles burn!
Your tentacle spike misses the jelly.
The jelly is lightly wounded.
You feel sick. The jelly misses you.
You tentacle-slap the jelly.
Your tentacles burn!
Your tentacle spike misses the jelly.
The jelly is moderately wounded.
Your transformation is almost over.
You feel sick. The jelly hits you.
You are splashed with acid!
* * * LOW HITPOINT WARNING * * *
You tentacle-slap the jelly.
Your tentacles burn!
* * * LOW HITPOINT WARNING * * *
You pierce the jelly.
The jelly is almost dead.
* * * LOW HITPOINT WARNING * * *
You feel sick. The jelly hits you but does no damage.
You tentacle-slap the jelly.
Your tentacles burn!
You die...

#.# #.# ### #.# #.. ... #.#
#.# ##.## #.# ... ###.###
#.#
#######<....######.#####...
#.........#....@J...)....#
#.#####.#.########!........
#.#.# #######.## #.#.#
#.#.# #.#.# #.#####.#.# #.>
..........# #.#
.##.###.###########.#


You could see a jelly.

Vanquished Creatures
  An orc priest (D:3)
  2 adders
  2 dart slugs
  2 orcs (D:3)
  5 ball pythons
  3 endoplasms (D:2)
  A giant cockroach (D:3)
  5 goblins
  3 hobgoblins
  3 jackals (D:1)
  3 quokkas
  4 bats
  3 frilled lizards
  4 kobolds
  3 rats
44 creatures vanquished.

Notes
Turn   | Place    | Note
-------+----------+-------------------------------------------
     0 | D:1      | mandoloar the Octopode Transmuter began the quest for the
                  | Orb.
     0 | D:1      | Reached XP level 1. HP: 13/13 MP: 3/3
   356 | D:1      | Reached XP level 2. HP: 18/18 MP: 5/5
   423 | D:1      | Reached skill level 1 in Stealth
   908 | D:2      | Reached XP level 3. HP: 23/23 MP: 4/6
  1109 | D:2      | Learned a level 2 spell: Wereblood
  1642 | D:3      | Reached XP level 4. HP: 25/29 MP: 5/7
  1890 | D:3      | HP: 1/29 [poisoned by a kobold]
  1891 | D:3      | Splashed by a jelly's acid

Illustrated notes

Levels and vault maps discovered:
D:1:      wander_arrival_estate, layout_basic
D:2:      layout_rooms
D:3:      layout_loops_ring, uniq_sigmund

Skill      XL: |  1  2  3  4 |
---------------+-------------+-----
Stealth        | 1 2 |  2.1
Fighting       | 2 |  2.0
Dodging        | |  2.7
Unarmed Combat | |  3.5
Spellcasting   | |  2.6
Transmutations | |  2.3

Action                     |  1- 3 |  4- 6 || total
---------------------------+-------+-------++-------
  Melee: Unarmed           |    71 |    26 ||    97
         Constrict         |    16 |     8 ||    24
         Tentacles         |    16 |     6 ||    22
         Kick              |    10 |     7 ||    17
         Punch             |       |     1 ||     1
  Throw: Stone             |     2 |       ||     2
   Cast: Beastly Appendage |    12 |     3 ||    15
    Use: Scroll            |     1 |     4 ||     5
   Stab: Sleeping          |     8 |     1 ||     9
 Armour: Skin              |    10 |     6 ||    16
  Dodge: Dodged            |    43 |     8 ||    51

Table legend: (Time is in decaauts)
 A = Elapsed time spent in this place.
 B = Non-inter-level travel time spent in this place.
 C = Inter-level travel time spent in this place.
 D = Time resting spent in this place.
 E = Time spent auto-exploring this place.
 F = Levels seen in this place.
 G = Mean time per level.
                   A        B        C        D        E       F      G
               +--------+--------+--------+--------+--------+-----+--------+
         Total |   1884 |   1852 |     32 |    492 |    988 |   3 |  628.0 |
       Dungeon |   1884 |   1852 |     32 |    492 |    988 |   3 |  628.0 |
               +--------+--------+--------+--------+--------+-----+--------+

Top non-repeatable levels by time:
     D:1: 899 daAuts
     D:2: 717 daAuts
     D:3: 267 daAuts
